Map: Moondance

Players

A.I. 1 (Very Easy)

  • Race: Protoss Protoss
  • Spawn Location: 6:00

lorimbo - Winner!

  • Race: Zerg Zerg
  • League: Master
  • Spawn Location: 12:00

VOD

Have the link to the VOD?

Description

Time

  • Played on: Jan. 16, 2023, 3:40 p.m.
  • Length: 8:26
Show
View Real Time Build Order
Export as new Build Order

A.I. 1 (Very Easy) Protoss 

Build Orders:  

Get SALT Encoding   

  12  0:00  Probe  
  13  0:13  Probe  
  14  0:19  Pylon  
  14  0:37  Assimilator  
  14  0:42  Gateway  
  14  0:46  Pylon  
  14  1:13  Assimilator  
  14  1:17  Probe  
  15  1:25  Probe  
  16  1:32  Cybernetics Core  
  16  1:33  Probe  
  17  1:44  Probe  
  18  1:56  Probe  
  18  1:58  Warp Gate  
  19  2:04  Probe  
  20  2:11  Stalker  
  22  4:06  Probe  
  22  5:24  Zealot  
  22  5:26  Probe, Pylon  
  25  5:29  Robotics Facility  
  24  5:38  Probe  
  25  5:50  Probe  
  26  6:02  Probe  
  25  6:14  Probe  
  25  6:15  Zealot  
  25  6:16  Observer  
  29  6:19  Pylon  
  29  6:26  Probe  
  30  6:38  Observer  
  31  7:06  Stalker  
  31  7:07  Nexus  
  33  7:49  Stalker  
  35  7:53  Pylon  
  25  8:05  Probe, Pylon  
  15  8:18  Zealot  
Show
View Real Time Build Order
Export as new Build Order

lorimbo Zerg - Winner!

Build Orders: Hatch First 

Get SALT Encoding   

  12  0:00  Drone  
  13  0:13  Overlord  
  13  0:18  Drone  
  14  0:32  Drone x2  
  16  0:49  Hatchery  
  15  0:54  Drone  
  15  0:56  Drone  
  17  0:59  Drone  
  18  1:11  Extractor  
  17  1:15  Spawning Pool  
  16  1:18  Drone  
  16  1:21  Drone  
  18  1:29  Drone  
  20  1:40  Drone  
  20  1:53  Overlord  
  20  2:01  Queen x2  
  20  2:04  Zergling x4  
  26  2:15  Drone x2  
  28  2:16  Metabolic Boost  
  28  2:23  Drone  
  28  2:25  Drone  
  30  2:33  Drone  
  30  2:34  Drone  
  33  2:44  Drone  
  33  2:45  Drone  
  33  2:48  Hatchery  
  33  2:55  Overlord  
  33  2:57  Queen  
  35  2:59  Drone  
  36  3:13  Drone x2  
  36  3:14  Drone x2  
  36  3:15  Drone  
  36  3:17  Overlord  
  41  3:20  Queen  
  41  3:23  Drone  
  44  3:35  Drone x2  
  44  3:36  Queen  
  48  3:48  Drone x4  
  48  3:50  Overlord  
  48  3:52  Spore Crawler  
  48  3:55  Spore Crawler, Drone  
  51  3:56  Drone  
  51  4:01  Drone x2  
  54  4:07  Drone x4  
  58  4:15  Queen  
  60  4:17  Overlord x2  
  60  4:20  Spore Crawler  
  59  4:27  Overlord  
  59  4:30  Lair  
  59  4:34  Evolution Chamber  
  59  4:35  Drone x5  
  59  4:36  Drone, Roach Warren  
  59  4:37  Drone  
  64  4:40  Drone x2  
  64  4:41  Drone  
  67  4:49  Drone x3  
  67  4:51  Extractor  
  67  4:52  Extractor x2  
  68  4:53  Extractor  
  68  4:54  Extractor  
  68  4:55  Drone x4  
  68  4:57  Drone  
  70  5:00  Zerg Missile Weapons Level 1  
  70  5:08  Drone x6  
  70  5:12  Overlord  
  76  5:14  Drone x3  
  79  5:24  Overlord  
  79  5:26  Drone  
  79  5:28  Drone  
  81  5:32  Glial Reconstitution  
  81  5:35  Roach x4  
  89  5:38  Overlord  
  89  5:40  Hatchery  
  89  5:41  Overlord  
  88  5:45  Roach x3  
  94  5:53  Overlord  
  94  5:56  Roach  
  98  5:57  Roach  
  98  5:59  Overlord  
  98  6:02  Roach x4  
  105  6:12  Overlord  
  105  6:13  Roach x3  
  105  6:14  Roach  
  105  6:15  Overlord  
  105  6:18  Roach x4  
  121  6:24  Overlord  
  121  6:31  Roach x4, Hydralisk Den  
  128  6:33  Overlord  
  128  6:34  Roach x2  
  128  6:35  Roach  
  128  6:36  Overseer  
  134  6:41  Roach  
  134  6:46  Roach  
  144  6:47  Roach x3  
  144  6:48  Overlord  
  144  6:53  Roach x4  
  152  6:59  Roach  
  152  7:00  Roach  
  156  7:04  Roach  
  156  7:06  Overlord x2  
  156  7:08  Overlord  
  158  7:09  Roach x2  
  162  7:16  Roach  
  162  7:17  Roach  
  162  7:21  Ravager  
  167  7:26  Ravager x4  
  167  7:27  Roach, Ravager x4  
  167  7:28  Roach x2  
  181  7:37  Roach x5  
  187  7:39  Overlord  
  191  7:47  Overlord  
  191  8:03  Drone x11, Lurker Den  
  191  8:04  Infestation Pit  
Tags
 
League
Master
Matchup
PvZ
Spawn Locations
Cross Positions
Add a new tag
Caveats
  • Supply blocks, unpowered buildings, or Contaminate may cause inaccurate times.
  • Supply counts are checked every 10 seconds.